 Dungeon Crawl Stone Soup version 0.28.0 (webtiles) character file.

Game seed: 5756648858022249735

92 sanka the Magician (level 4, 0/24 HPs)
             Began as a Deep Elf Transmuter on Feb 8, 2022.
             Succumbed to an adder's poison
             ... on level 3 of the Dungeon.
             The game lasted 00:03:26 (4190 turns).

sanka the Magician (Deep Elf Transmuter)            Turns: 4190, Time: 00:03:26

Health: 0/24       AC:  2    Str:  7    XL:     4   Next: 35%
Magic:  12/14      EV: 20    Int: 20    God:
Gold:   36         SH:  0    Dex: 20    Spells: 11/15 levels left

rFire   . . .      SeeInvis .     - Unarmed
rCold   . . .      Faith    .   (shield currently unavailable)
rNeg    . . .      Spirit   .   (armour currently unavailable)
rPois   x          Reflect  .   (helmet currently unavailable)
rElec   .          Harm     .   (cloak currently unavailable)
rCorr   .          Rampage  .   (gloves currently unavailable)
Will    .....                   (boots currently unavailable)
Stlth   ++........              (no amulet)
HPRegen 0.08/turn               (no ring)
MPRegen 0.14/turn               (no ring)

@: lethally poisoned (0 -> -1), spider-form, flying
A: venomous fangs, tiny
a: End Transformation


You were on level 3 of the Dungeon.
You were a venomous arachnid creature.
You visited 1 branch of the dungeon, and saw 3 of its levels.

You collected 36 gold pieces.

Inventory:

Missiles
 g - a throwing net
Armour
 a - a +0 robe (melded)
 i - a +0 pair of gloves (melded)
Jewellery
 d - a ring of fire
 e - a ring of ice
Scrolls
 b - a scroll of fog {unknown}
 c - a scroll of torment {unknown}
 f - 2 scrolls of teleportation {unknown}
 k - a scroll of identify {unknown}
Potions
 j - a potion of resistance {unknown}


   Skills:
 - Level 0.7 Fighting
 - Level 2.4 Dodging
 - Level 2.4 Unarmed Combat
 + Level 6.3 Spellcasting
 - Level 2.1 Transmutations


You had 11 spell levels left.
You knew the following spells:

 Your Spells              Type           Power      Damage    Failure   Level
a - Beastly Appendage     Tmut           30%        N/A       13%         1
b - Spider Form           Tmut/Pois      10%        N/A       38%         3

Your spell library contained the following spells:

 Spells                   Type           Power      Damage    Failure   Level
 Wereblood                Tmut           15%        N/A       17%         2
 Ensorcelled Hibernation  Hex/Ice        12%        N/A       34%         2
 Gell's Gravitas          Tloc           6%         N/A       52%         3
 Lesser Beckoning         Tloc           6%         N/A       52%         3
 Teleport Other           Tloc           6%         N/A       52%         3
 Ice Form                 Ice/Tmut       10%        N/A       75%         4
 Anguish                  Hex/Necr       3%         N/A       86%         4


Dungeon Overview and Level Annotations

Branches:
Dungeon (3/15)

Altars:


Message History

You hit the orc.
The orc is poisoned.
The orc is severely wounded.
* * * LOW HITPOINT WARNING * * *
You feel sick. The orc barely misses you.
Unknown command.
You barely miss the orc.
The orc is almost dead.
* * * LOW HITPOINT WARNING * * *
You feel sick.
You kill the orc!
It was a potion of flight.
You feel very buoyant.
You fly up into the air.
* * * LOW HITPOINT WARNING * * *
You feel sick. The orc wizard misses you.
Unknown command.
You hit the orc wizard.
The orc wizard is poisoned.
The orc wizard is moderately wounded.
* * * LOW HITPOINT WARNING * * *
You feel sick.
The orc wizard gestures at you while chanting.
You resist with some effort.
You hear a shout!
You hit the orc wizard.
The orc wizard looks as sick as possible!
The orc wizard is heavily wounded.
* * * LOW HITPOINT WARNING * * *
You feel sick.
An orc wizard comes into view. It is wielding a +0 dagger.
The orc wizard hits you with a +0 dagger.
* * * LOW HITPOINT WARNING * * *
Unknown command.
You hit the orc wizard.
The orc wizard looks as sick as possible!
The orc wizard is almost dead.
* * * LOW HITPOINT WARNING * * *
You feel sick. The orc wizard misses you.
Unknown command.
Unknown command.
You die...

##### .......
......###
........########
.......or.....o##
.......o.....#ro#
.......).....##o#
..........S..##.##
...........<.##.s#
.............###.#
.............# #..
.............#
#...
.............#
#....
.............#
#.....
[............#
#......
.............#
#.......
##############


You could see 2 orc wizards, an orc and a quokka.

Vanquished Creatures
  5 adders
  4 worms (D:2)
  An orc (D:3)
  A giant cockroach (D:2)
  4 goblins
  4 hobgoblins
  7 kobolds
  3 ball pythons
  2 bats (D:2)
  2 frilled lizards (D:1)
  5 rats
38 creatures vanquished.

Notes
Turn   | Place    | Note
-------+----------+-------------------------------------------
     0 | D:1      | sanka the Deep Elf Transmuter began the quest for the Orb.
     0 | D:1      | Reached XP level 1. HP: 11/11 MP: 6/6
  1167 | D:1      | Reached skill level 4 in Spellcasting
  1167 | D:1      | Reached XP level 2. HP: 14/16 MP: 7/9
  2322 | D:2      | Reached skill level 5 in Spellcasting
  2322 | D:2      | Reached XP level 3. HP: 15/20 MP: 8/11
  2405 | D:2      | Learned a level 3 spell: Spider Form
  3499 | D:2      | Reached skill level 6 in Spellcasting
  3499 | D:2      | Reached XP level 4. HP: 3/24 MP: 14/14
  4189 | D:3      | HP: 1/24 [poisoned by an adder]
  4190 | D:3      | Succumbed to an adder's poison

Illustrated notes

Levels and vault maps discovered:
D:1:      dpeg_arrival_circle_labyrinth_a, layout_loops_ring
D:2:      layout_loops_cross, nrook_mini_backslash, st_stairs_13,
          nicolae_wormholes
D:3:      layout_basic, portal_sewer_entry_f, chequers_ecumenical_altar_simple,
          uniq_grinder

Skill      XL: |  1  2  3 |
---------------+----------+-----
Spellcasting   | 4 5 6 |  6.3
Fighting       | |  0.7
Dodging        | |  2.4
Unarmed Combat | |  2.4
Transmutations | |  2.1

Action                   |  1- 3 |  4- 6 || total
-------------------------+-------+-------++-------
Melee: Unarmed           |   123 |    24 ||   147
       Kick              |    21 |     1 ||    22
       Headbutt          |    10 |     1 ||    11
       Punch             |     2 |       ||     2
 Cast: Beastly Appendage |    21 |     3 ||    24
       Spider Form       |     2 |     2 ||     4
  Use: Potion            |     2 |     1 ||     3
 Stab: Sleeping          |     1 |       ||     1
Armor: Robe              |     7 |     2 ||     9
       Skin              |     1 |       ||     1
Dodge: Dodged            |    54 |    12 ||    66
